 Dungeon Crawl Stone Soup version 0.27-a0-1301-g128193abf8 (console) character file.

Game seed: 3189315466212751074

114 jejorda2 the Slasher (level 4, -1/37 HPs)
             Began as a Merfolk Berserker on June 17, 2021.
             Was a Believer of Trog.
             Slain by an orc priest (6 damage)
             ... on level 3 of the Dungeon.
             The game lasted 00:04:54 (3498 turns).

jejorda2 the Slasher (Merfolk Berserker)            Turns: 3498, Time: 00:04:54

Health: -1/37      AC:  8    Str: 18    XL:     4   Next: 98%
Magic:  4/4        EV: 16    Int:  6    God:    Trog [**....]
Gold:   81         SH:  0    Dex: 13    Spells: 3/3 levels left

rFire    . . .     SeeInvis .   a - +0 falchion
rCold    . . .     Faith    .   (no shield)
rNeg     . . .     Spirit   .   t - +0 ring mail
rPois    .         Reflect  .   n - +1 helmet
rElec    .         Harm     .   (no cloak)
rCorr    .         Rampage  .   (no gloves)
Will     ++...                  c - +0 pair of boots
Stlth    +.........             (no amulet)
HPRegen  1.12/turn              r - +4 ring of evasion
MPRegen  0.09/turn              (no ring)

@: strong-willed (expiring), on berserk cooldown, regenerating (expiring),
slowed, very slow
A: (nimble swimmer 2), mertail
a: Renounce Religion, Berserk, Trog's Hand


You were on level 3 of the Dungeon.
You worshipped Trog.
Trog was pleased with you.
You visited 1 branch of the dungeon, and saw 3 of its levels.

You collected 81 gold pieces.

Inventory:

Hand Weapons
 a - a +0 falchion (weapon)
Missiles
 o - 6 poisoned darts
Armour
 c - a +0 pair of boots (worn)
 g - a +0 leather armour
 n - a +1 helmet (worn)
 t - a +0 ring mail (worn)
Jewellery
 i - a ring of ice
 r - a +4 ring of evasion (left hand)
 s - a ring of fire
Wands
 j - a wand of flame (23)
Scrolls
 e - a scroll of fog {unknown}
 f - 2 scrolls of noise {unknown}
 h - a scroll of magic mapping {unknown}
 l - a scroll of identify {unknown}
 q - a scroll of teleportation {unknown}
Potions
 d - a potion of flight {unknown}
 k - a potion of heal wounds {unknown}
 m - a potion of attraction {unknown}
 p - a potion of curing {unknown}


   Skills:
 + Level 3.9 Fighting
 * Level 4.3 Long Blades
 * Level 2.3 Armour
 + Level 3.6 Dodging


You had 3 spell levels left.
You didn't know any spells.
Your spell library was empty.

Dungeon Overview and Level Annotations

Branches:
Dungeon (3/15)

Altars:
Okawaru
Beogh

Annotations:
D:3 atabob's ghost, weakling DrCj


Innate Abilities, Weirdness & Mutations

((You are quick and stealthy near water. (Stealth+, EV+, Speed+++)))
Your lower body shifts to a powerful aquatic tail in water.


Message History

You closely miss the orc.
The orc is heavily wounded.
You slash the orc!
You kill the orc!
Trog accepts your kill.
You closely miss the orc.
The orc priest miscasts a cantrip.
The orc misses you.
You slash the orc!
You kill the orc!
Trog accepts your kill.
The orc priest calls down the wrath of Beogh upon you.
Beogh smites you!
You barely miss the orc. You hit the orc.
The orc is almost dead.
The orc barely misses you.
You riposte.
You slash the orc!
You kill the orc!
Trog accepts your kill.
You feel the effects of Trog's Hand fading.
The orc priest miscasts a cantrip.
Items here: )))) [[[ †††.
You feel a strong urge to attack something.
You are no longer berserk.
You pass out from exhaustion.
You feel yourself slow down.
The orc hits you from afar with the +9 spear of the Final Decision {vorpal, rPois Dex+4}.
The orc priest hits you with a +0 whip.
The orc hits you from afar with the +9 spear of the Final Decision {vorpal, rPois Dex+4}.
The orc priest calls down the wrath of Beogh upon you.
Beogh smites you!
* * * LOW HITPOINT WARNING * * *
The orc hits you from afar with the +9 spear of the Final Decision {vorpal, rPois Dex+4}.
* * * LOW HITPOINT WARNING * * *
x2 The orc priest hits you but does no damage.
You can move again.
As you read the scroll labelled FUZAEG GIEDUA, it crumbles to dust.
Wisps of shadow whirl around you...
It was a scroll of summoning.
The orc misses you. The orc priest hits you with a +0 whip.
You die...

#.# #.#...........#.###....[.
#.# #.#...........#.# #####.#
#.####.#...........#.# #....
#....................# #.#.#
######.############..# #.#..
#.#### #..#####.##. #....#
#..#........
#####.##.#########...........
#8.......ooo@bK8.............
#######'oW######.#...######.#
#.......o.....#.#...# #.#
#....#####....#.#...# #.#
#.###.....###.#.#...# #.#
#.#8#..8..#8#(#.##.#######.#
#.............#............#
#8....[_[....8####.#########
####### ########.......).)


You could see an orc priest (ally target), atabob's ghost, 4 orcs, a friendly
bat (summoned) and a friendly kobold (summoned).

Vanquished Creatures
  Jessica (D:3)
  An adder (D:3)
  2 worms
  A dart slug (D:2)
  4 orcs (D:3)
  5 bats
  5 endoplasms
  2 giant cockroaches
  2 goblins
  8 hobgoblins
  6 jackals (D:3)
  3 quokkas
  7 ball pythons
  A frilled lizard (D:2)
  7 kobolds
  4 rats
59 creatures vanquished.

Notes
Turn   | Place    | Note
-------+----------+-------------------------------------------
     0 | D:1      | jejorda2 the Merfolk Berserker began the quest for the Orb.
     0 | D:1      | Reached XP level 1. HP: 18/18 MP: 1/1
   344 | D:1      | Reached XP level 2. HP: 24/24 MP: 2/2
   692 | D:1      | Found a faded altar of an unknown god.
  1121 | D:2      | Reached XP level 3. HP: 29/29 MP: 3/3
  2126 | D:3      | Found an iron altar of Okawaru.
  2147 | D:3      | Reached ** piety under Trog
  2245 | D:3      | Reached skill level 4 in Long Blades
  2439 | D:3      | Noticed Jessica
  2448 | D:3      | Killed Jessica
  2449 | D:3      | Reached XP level 4. HP: 17/37 MP: 4/4
  3097 | D:3      | Found a runed translucent gate.
  3097 | D:3      | Noticed atabob's ghost (weakling DrCj)
  3098 | D:3      | Found a runed translucent gate.
  3098 | D:3      | Found a runed translucent gate.
  3099 | D:3      | Identified the +9 spear of the Final Decision {vorpal,
                  | rPois Dex+4}
  3099 | D:3      | Identified the +6 chain mail "Enass" {Str+5}
  3498 | D:3      | Slain by an orc priest

Illustrated notes

Levels and vault maps discovered:
D:1:      mrwooster_arrival_statue_3, layout_loops_ring,
          chequers_ecumenical_altar_island, minivault_25,
          minmay_misc_feat_plants
D:2:      layout_basic, minivault_11
D:3:      layout_basic, okawaru_metal_pillars_1_2, biasface_ghost_orc_armoury,
          uniq_jessica

Skill      XL: |  1  2  3 |
---------------+----------+-----
Dodging        | 3 |  3.6
Armour         | 2 |  2.3
Long Blades    | 4 |  4.3
Fighting       | |  3.9

Action                   |  1- 3 |  4- 6 || total
-------------------------+-------+-------++-------
Melee: Falchion          |   121 |    64 ||   185
Invok: Berserk           |     1 |     2 ||     3
       Trog's Hand       |       |     1 ||     1
  Use: Scroll            |       |     1 ||     1
 Stab: Sleeping          |     1 |       ||     1
Armor: Animal skin       |    11 |       ||    11
       Leather armour    |    30 |    16 ||    46
       Ring mail         |       |     8 ||     8
Dodge: Dodged            |    72 |    37 ||   109
       Rpst.: Falchion   |    20 |    13 ||    33

Table legend: (Time is in decaauts)
 A = Elapsed time spent in this place.
 B = Non-inter-level travel time spent in this place.
 C = Inter-level travel time spent in this place.
 D = Time resting spent in this place.
 E = Time spent auto-exploring this place.
 F = Levels seen in this place.
 G = Mean time per level.
                   A        B        C        D        E       F      G
               +--------+--------+--------+--------+--------+-----+--------+
         Total |   3522 |   3477 |     45 |    164 |   2869 |   3 | 1174.0 |
       Dungeon |   3522 |   3477 |     45 |    164 |   2869 |   3 | 1174.0 |
               +--------+--------+--------+--------+--------+-----+--------+

Top non-repeatable levels by time:
     D:3: 1465 daAuts
     D:2: 1142 daAuts
     D:1: 914 daAuts
